[ AOE2 MATCH · #482265439 ]
Team RMTeutons vs Inca
[ REPLAY ANALYSIS · EXTRACTED FROM THE RECORDED GAME ]
Feudal
18:12
Castle
—
Imperial
—
| APM avg | 20.2 |
| APM peak | 42 |
| eAPM avg | 13.7 |
| Villagers / military | 76 / 18 |
Focus
⚔️ 9.1% · 🌾 90.9%
Fishing Ship ×14 · Militia ×11 · Fire Galley ×7
Feudal
16:05
Castle
27:18
Imperial
—
| APM avg | 15.0 |
| APM peak | 29 |
| eAPM avg | 7.6 |
| Villagers / military | 29 / 12 |
Focus
⚔️ 16.5% · 🌾 83.5%
Fishing Ship ×11 · Fire Galley ×6 · Chu Ko Nu ×6
Feudal
14:14
Castle
18:31
Imperial
—
| APM avg | 22.9 |
| APM peak | 50 |
| eAPM avg | 11.8 |
| Villagers / military | 76 / 16 |
Focus
⚔️ 21.1% · 🌾 78.9%
Fishing Ship ×21 · Unknown (2550) ×15 · Archer ×5 · Scorpion ×3 · Galley ×2 · Mangonel ×2
Feudal
16:41
Castle
23:08
Imperial
36:08
| APM avg | 17.7 |
| APM peak | 39 |
| eAPM avg | 11.4 |
| Villagers / military | 85 / 45 |
Focus
⚔️ 25.1% · 🌾 74.9%
Fishing Ship ×46 · Samurai ×30 · Trebuchet (Packed) ×8 · Petard ×4 · Fire Galley ×2 · Scout Cavalry ×1
Feudal
16:03
Castle
29:14
Imperial
—
| APM avg | 9.3 |
| APM peak | 19 |
| eAPM avg | 7.0 |
| Villagers / military | 46 / 14 |
Focus
⚔️ 16.7% · 🌾 83.3%
Fishing Ship ×13 · Militia ×7 · Fire Galley ×3 · Spearman ×3 · Demolition Raft ×1
Feudal
15:51
Castle
28:08
Imperial
—
| APM avg | 12.7 |
| APM peak | 32 |
| eAPM avg | 5.0 |
| Villagers / military | 29 / 13 |
Focus
⚔️ 24.7% · 🌾 75.3%
Fishing Ship ×10 · Elephant Archer ×9 · Fire Galley ×4 · Unknown (2626) ×3
Match map
Initial resources + every placement click. Lines = walls · curves = elevation contours. ◆ gold · ⬟ stone · ● berries · ✦ relic · ◌ wall gap
Your base· Open — unwalled flank
ZL1_K3V1N's base· Open — 2t gap
Ratbass's base· Open — 12t gap
James McMCloud's base· Open — 6t gap
danielrojaslaw's base· Open — unwalled flank
RAFAEL CORREA DELGADO's base· Open — 12t gap
Smoothed initial terrain · ◌ = detected wall gap · hover for details
Inputs per minute
— EL_PUERCO_REDENTOR - - ZL1_K3V1N
Build order — EL_PUERCO_REDENTOR
First 150 of 168 actions detected
| 1:28 | Build | Town Center |
| 3:09 | Build | House |
| 3:09 | Build | House |
| 3:10 | Build | House |
| 3:11 | Build | House |
| 3:48 | Research | Loom |
| 3:48 | Create | Villager (Male) |
| 3:48 | Create | Villager (Male) |
| 3:48 | Create | Villager (Male) |
| 3:49 | Create | Villager (Male) |
| 3:49 | Create | Villager (Male) |
| 5:15 | Create | Villager (Male) |
| 5:15 | Create | Villager (Male) |
| 6:29 | Create | Villager (Male) |
| 7:30 | Create | Villager (Male) |
| 7:30 | Create | Villager (Male) |
| 7:30 | Create | Villager (Male) |
| 7:30 | Create | Villager (Male) |
| 8:04 | Create | Villager (Male) |
| 8:04 | Create | Villager (Male) |
| 8:05 | Create | Villager (Male) |
| 9:11 | Create | Villager (Male) |
| 9:11 | Create | Villager (Male) |
| 9:11 | Create | Villager (Male) |
| 9:34 | Create | Villager (Male) |
| 9:50 | Build | Dock |
| 10:04 | Create | Villager (Male) |
| 10:10 | Create | Villager (Male) |
| 10:48 | Create | Fishing Ship |
| 10:49 | Create | Fishing Ship |
| 10:49 | Create | Fishing Ship |
| 10:49 | Create | Fishing Ship |
| 10:49 | Create | Fishing Ship |
| 10:53 | Create | Villager (Male) |
| 10:53 | Create | Villager (Male) |
| 11:06 | Build | House |
| 11:07 | Create | Villager (Male) |
| 11:34 | Build | Mill |
| 12:16 | Create | Villager (Male) |
| 12:22 | Create | Fishing Ship |
| 12:49 | Create | Villager (Male) |
| 12:49 | Create | Villager (Male) |
| 12:57 | Create | Villager (Male) |
| 12:57 | Create | Villager (Male) |
| 13:02 | Create | Fishing Ship |
| 13:03 | Create | Fishing Ship |
| 13:03 | Create | Fishing Ship |
| 13:16 | Create | Villager (Male) |
| 13:16 | Create | Villager (Male) |
| 13:23 | Create | Fishing Ship |
| 13:23 | Create | Fishing Ship |
| 13:32 | Create | Villager (Male) |
| 13:32 | Create | Villager (Male) |
| 14:01 | Build | House |
| 14:35 | Build | Barracks |
| 15:04 | Build | Outpost |
| 16:02 | Research | Feudal Age |
| 16:14 | Build | Mining Camp |
| 16:17 | Create | Militia |
| 16:39 | Create | Militia |
| 16:39 | Create | Militia |
| 16:39 | Create | Militia |
| 16:39 | Create | Militia |
| 16:52 | Create | Militia |
| 16:52 | Create | Militia |
| 17:24 | Create | Militia |
| 17:43 | Create | Militia |
| 17:43 | Create | Militia |
| 17:44 | Create | Militia |
| 18:04 | Build | House |
| 18:05 | Build | House |
| 18:06 | Build | House |
| 18:12 | Age | Feudal Age |
| 18:16 | Research | Man-at-Arms (upgrade) |
| 18:28 | Build | Watch Tower |
| 18:42 | Create | Villager (Male) |
| 18:43 | Create | Villager (Male) |
| 18:43 | Create | Villager (Male) |
| 18:48 | Create | Fire Galley |
| 18:48 | Create | Fire Galley |
| 19:10 | Create | Villager (Male) |
| 19:45 | Build | Farm |
| 19:46 | Build | Farm |
| 19:46 | Build | Farm |
| 19:46 | Build | Farm |
| 19:47 | Build | Farm |
| 19:48 | Build | Farm |
| 19:48 | Build | Farm |
| 19:48 | Build | Farm |
| 19:49 | Build | Farm |
| 21:30 | Create | Villager (Male) |
| 21:30 | Create | Villager (Male) |
| 22:31 | Build | Watch Tower |
| 22:45 | Build | Farm |
| 22:50 | Build | Blacksmith |
| 23:12 | Build | Dock |
| 23:14 | Create | Villager (Male) |
| 23:14 | Create | Villager (Male) |
| 23:14 | Create | Villager (Male) |
| 23:43 | Create | Fire Galley |
| 23:43 | Create | Fire Galley |
| 23:43 | Create | Fire Galley |
| 23:44 | Create | Villager (Male) |
| 23:45 | Create | Villager (Male) |
| 23:45 | Create | Villager (Male) |
| 23:57 | Build | Mining Camp |
| 24:27 | Create | Villager (Male) |
| 24:27 | Create | Villager (Male) |
| 24:50 | Create | Fire Galley |
| 24:50 | Create | Fire Galley |
| 25:26 | Create | Villager (Male) |
| 25:26 | Create | Villager (Male) |
| 26:46 | Create | Villager (Male) |
| 26:46 | Create | Villager (Male) |
| 27:54 | Build | Lumber Camp |
| 29:33 | Build | Mill |
| 30:01 | Build | Lumber Camp |
| 32:11 | Build | Town Center |
| 33:04 | Build | Mining Camp |
| 33:30 | Create | Villager (Male) |
| 33:31 | Create | Villager (Male) |
| 33:31 | Create | Villager (Male) |
| 33:31 | Create | Villager (Male) |
| 33:31 | Create | Villager (Male) |
| 33:31 | Create | Villager (Male) |
| 33:32 | Create | Villager (Male) |
| 33:37 | Build | House |
| 33:37 | Build | House |
| 33:37 | Build | House |
| 33:38 | Build | House |
| 33:39 | Build | House |
| 33:40 | Build | House |
| 33:40 | Build | House |
| 35:00 | Create | Villager (Male) |
| 35:00 | Create | Villager (Male) |
| 35:28 | Create | Villager (Male) |
| 35:28 | Create | Villager (Male) |
| 35:29 | Create | Villager (Male) |
| 35:29 | Create | Villager (Male) |
| 35:29 | Create | Villager (Male) |
| 35:29 | Create | Villager (Male) |
| 35:59 | Build | Mining Camp |
| 36:39 | Build | House |
| 36:40 | Build | House |
| 36:40 | Build | House |
| 36:40 | Build | House |
| 36:40 | Build | House |
| 36:41 | Build | House |
| 36:41 | Build | House |
| 36:41 | Build | House |
Build order — ZL1_K3V1N
98 actions detected in the replay
| 3:15 | Build | Town Center |
| 3:56 | Build | Mill |
| 5:23 | Research | Loom |
| 6:48 | Create | Villager (Male) |
| 6:48 | Create | Villager (Male) |
| 6:49 | Create | Villager (Male) |
| 7:28 | Build | House |
| 7:32 | Build | House |
| 7:41 | Create | Villager (Male) |
| 7:41 | Create | Villager (Male) |
| 8:41 | Create | Villager (Male) |
| 8:50 | Build | House |
| 9:11 | Create | Villager (Male) |
| 9:13 | Create | Villager (Male) |
| 9:26 | Build | House |
| 10:04 | Build | House |
| 10:11 | Create | Villager (Male) |
| 10:12 | Create | Villager (Male) |
| 10:51 | Build | Lumber Camp |
| 11:14 | Create | Villager (Male) |
| 11:14 | Create | Villager (Male) |
| 12:06 | Create | Villager (Male) |
| 12:06 | Create | Villager (Male) |
| 12:20 | Build | Mining Camp |
| 13:55 | Research | Feudal Age |
| 15:09 | Build | Dock |
| 16:05 | Age | Feudal Age |
| 16:11 | Research | Town Watch |
| 16:20 | Build | Dock |
| 16:30 | Research | Wheelbarrow |
| 16:35 | Research | Double-Bit Axe |
| 16:45 | Create | Fishing Ship |
| 17:21 | Build | Mill |
| 17:49 | Create | Fishing Ship |
| 17:53 | Create | Fishing Ship |
| 18:05 | Create | Villager (Male) |
| 18:06 | Create | Villager (Male) |
| 18:33 | Build | Mining Camp |
| 18:58 | Create | Villager (Male) |
| 18:58 | Create | Villager (Male) |
| 19:54 | Create | Villager (Male) |
| 19:55 | Create | Villager (Male) |
| 20:29 | Build | Market |
| 20:44 | Build | Blacksmith |
| 21:02 | Build | Blacksmith |
| 21:06 | Create | Villager (Male) |
| 21:06 | Create | Villager (Male) |
| 21:45 | Build | Barracks |
| 22:08 | Build | Barracks |
| 22:20 | Create | Villager (Male) |
| 22:27 | Create | Fishing Ship |
| 22:27 | Create | Fishing Ship |
| 23:21 | Build | Stone Wall |
| 23:26 | Build | Stone Wall |
| 23:35 | Build | Gate |
| 23:44 | Create | Villager (Male) |
| 23:45 | Create | Villager (Male) |
| 24:06 | Create | Fire Galley |
| 24:06 | Create | Fire Galley |
| 24:38 | Research | Castle Age |
| 25:02 | Build | Stone Wall |
| 25:24 | Build | Mill |
| 26:07 | Build | Watch Tower |
| 26:30 | Build | House |
| 26:42 | Build | Watch Tower |
| 26:46 | Research | Stone Mining |
| 27:03 | Build | Watch Tower |
| 27:14 | Build | Watch Tower |
| 27:18 | Age | Castle Age |
| 27:28 | Build | Castle |
| 29:17 | Build | Castle |
| 30:23 | Create | Villager (Male) |
| 30:23 | Create | Villager (Male) |
| 31:19 | Create | Villager (Male) |
| 31:53 | Build | Siege Workshop |
| 32:05 | Build | Farm |
| 32:44 | Build | Stone Wall |
| 32:52 | Build | Gate |
| 33:09 | Create | Fishing Ship |
| 33:09 | Create | Fishing Ship |
| 33:17 | Create | Fishing Ship |
| 33:17 | Create | Fishing Ship |
| 34:00 | Build | House |
| 34:03 | Build | House |
| 34:07 | Build | House |
| 34:08 | Build | House |
| 34:18 | Create | Villager (Male) |
| 34:42 | Create | Chu Ko Nu ×5 |
| 34:44 | Create | Chu Ko Nu |
| 34:57 | Create | Fishing Ship |
| 34:57 | Create | Fishing Ship |
| 36:06 | Create | Fire Galley |
| 36:06 | Create | Fire Galley |
| 36:08 | Create | Fire Galley |
| 36:09 | Create | Fire Galley |
| 37:50 | Build | Castle |
| 38:01 | Research | War Galley (upgrade) |
| 38:03 | Research | Tech 906 |
Build order — Ratbass
First 150 of 182 actions detected
| 0:20 | Build | Town Center |
| 2:26 | Build | Dock |
| 2:29 | Build | House |
| 2:31 | Build | House |
| 2:53 | Create | Villager (Male) |
| 2:53 | Create | Villager (Male) |
| 2:54 | Create | Villager (Male) |
| 2:54 | Create | Villager (Male) |
| 2:54 | Create | Villager (Male) |
| 3:49 | Build | House |
| 4:38 | Create | Villager (Male) |
| 4:38 | Create | Villager (Male) |
| 5:14 | Research | Loom |
| 5:14 | Create | Villager (Male) |
| 5:55 | Create | Villager (Male) |
| 5:56 | Create | Villager (Male) |
| 5:56 | Create | Villager (Male) |
| 6:41 | Create | Villager (Male) |
| 6:41 | Create | Villager (Male) |
| 6:52 | Create | Fishing Ship |
| 6:52 | Create | Fishing Ship |
| 7:39 | Create | Villager (Male) |
| 7:39 | Create | Villager (Male) |
| 7:42 | Create | Villager (Male) |
| 7:42 | Create | Villager (Male) |
| 7:52 | Create | Fishing Ship |
| 7:53 | Create | Fishing Ship |
| 8:26 | Create | Villager (Male) |
| 8:46 | Build | Settlement |
| 8:53 | Create | Villager (Male) |
| 8:54 | Create | Villager (Male) |
| 9:21 | Create | Fishing Ship |
| 9:39 | Create | Villager (Male) |
| 10:10 | Create | Villager (Male) |
| 10:41 | Create | Villager (Male) |
| 10:59 | Create | Villager (Male) |
| 11:10 | Create | Fishing Ship |
| 11:19 | Build | Settlement |
| 11:47 | Create | Fishing Ship |
| 12:04 | Research | Feudal Age |
| 12:19 | Create | Fishing Ship |
| 12:49 | Create | Fishing Ship |
| 13:51 | Create | Fishing Ship |
| 14:08 | Create | Villager (Male) |
| 14:10 | Create | Villager (Male) |
| 14:14 | Age | Feudal Age |
| 14:40 | Build | Market |
| 15:13 | Build | Blacksmith |
| 15:23 | Create | Villager (Male) |
| 15:51 | Research | Castle Age |
| 15:52 | Research | Castle Age |
| 16:11 | Build | Barracks |
| 16:50 | Create | Unit 2550 |
| 16:51 | Create | Unit 2550 |
| 16:51 | Create | Unit 2550 |
| 16:52 | Create | Unit 2550 |
| 17:15 | Create | Galley |
| 17:52 | Create | Villager (Male) |
| 17:53 | Create | Villager (Male) |
| 17:57 | Create | Galley |
| 18:22 | Research | Double-Bit Axe |
| 18:26 | Research | Horse Collar |
| 18:31 | Age | Castle Age |
| 19:18 | Build | Town Center |
| 20:38 | Research | Wheelbarrow |
| 20:42 | Research | Forging |
| 20:42 | Research | Scale Mail Armor |
| 20:45 | Research | Tech 1402 |
| 20:46 | Research | Squires |
| 20:47 | Create | Unit 2550 ×5 |
| 20:57 | Build | House |
| 20:57 | Build | House |
| 20:58 | Build | House |
| 21:05 | Build | Town Center |
| 22:20 | Build | Watch Tower |
| 22:44 | Build | Monastery |
| 22:45 | Build | House |
| 22:48 | Build | House |
| 22:50 | Create | Villager (Male) |
| 22:53 | Create | Villager (Male) |
| 23:54 | Build | Town Center |
| 23:59 | Create | Villager (Male) |
| 23:59 | Create | Villager (Male) |
| 24:00 | Create | Villager (Male) |
| 24:00 | Create | Villager (Male) |
| 24:00 | Create | Villager (Male) |
| 24:18 | Build | Siege Workshop |
| 25:01 | Create | Scorpion |
| 25:01 | Create | Scorpion |
| 25:02 | Create | Scorpion |
| 26:00 | Build | Watch Tower |
| 26:05 | Create | Villager (Male) |
| 26:05 | Create | Villager (Male) |
| 26:05 | Create | Villager (Male) |
| 26:06 | Create | Villager (Male) |
| 26:06 | Create | Villager (Male) |
| 26:06 | Create | Villager (Male) |
| 26:07 | Create | Villager (Male) |
| 26:07 | Create | Villager (Male) |
| 26:07 | Create | Villager (Male) |
| 26:07 | Create | Villager (Male) |
| 26:08 | Create | Villager (Male) |
| 26:08 | Create | Villager (Male) |
| 26:13 | Build | Farm |
| 26:14 | Build | Farm |
| 26:14 | Build | Farm |
| 26:14 | Build | Farm |
| 26:28 | Create | Villager (Male) |
| 27:17 | Create | Mangonel |
| 27:26 | Build | Watch Tower |
| 27:47 | Build | Archery Range |
| 28:05 | Create | Unit 2550 |
| 28:05 | Create | Unit 2550 |
| 28:06 | Create | Unit 2550 |
| 28:06 | Create | Unit 2550 |
| 28:59 | Create | Archer |
| 28:59 | Create | Archer |
| 28:59 | Create | Archer |
| 29:00 | Create | Archer |
| 29:00 | Create | Archer |
| 29:37 | Build | Settlement |
| 29:40 | Create | Monk |
| 29:58 | Create | Unit 2550 |
| 29:58 | Create | Unit 2550 |
| 30:41 | Build | Castle |
| 31:35 | Create | Mangonel |
| 31:48 | Create | Villager (Male) |
| 31:48 | Create | Villager (Male) |
| 31:48 | Create | Villager (Male) |
| 31:49 | Create | Villager (Male) |
| 31:49 | Create | Villager (Male) |
| 31:49 | Create | Villager (Male) |
| 31:50 | Create | Villager (Male) |
| 31:59 | Create | Unit 2626 |
| 31:59 | Create | Unit 2626 |
| 32:52 | Create | Villager (Male) |
| 32:53 | Create | Villager (Male) |
| 32:53 | Create | Villager (Male) |
| 32:53 | Create | Villager (Male) |
| 33:12 | Build | Castle |
| 33:17 | Build | Siege Workshop |
| 33:26 | Create | Villager (Male) |
| 33:27 | Create | Villager (Male) |
| 33:27 | Create | Villager (Male) |
| 33:35 | Build | Dock |
| 33:47 | Build | House |
| 34:48 | Research | Andean Sling |
| 34:53 | Build | Farm |
| 34:53 | Build | Farm |
| 34:53 | Build | Farm |
Build order — James McMCloud
First 150 of 249 actions detected
| 0:43 | Build | Town Center |
| 2:29 | Build | House |
| 2:40 | Build | House |
| 3:33 | Create | Villager (Male) |
| 3:33 | Create | Villager (Male) |
| 3:33 | Create | Villager (Male) |
| 3:34 | Create | Villager (Male) |
| 3:34 | Create | Villager (Male) |
| 3:34 | Create | Villager (Male) |
| 3:34 | Create | Villager (Male) |
| 4:34 | Create | Villager (Male) |
| 4:34 | Create | Villager (Male) |
| 4:34 | Create | Villager (Male) |
| 4:34 | Create | Villager (Male) |
| 4:35 | Create | Villager (Male) |
| 5:08 | Create | Villager (Male) |
| 5:09 | Create | Villager (Male) |
| 5:09 | Create | Villager (Male) |
| 5:46 | Create | Villager (Male) |
| 5:46 | Create | Villager (Male) |
| 5:46 | Create | Villager (Male) |
| 5:46 | Create | Villager (Male) |
| 5:46 | Create | Villager (Male) |
| 6:41 | Create | Villager (Male) |
| 6:42 | Create | Villager (Male) |
| 6:42 | Create | Villager (Male) |
| 6:42 | Create | Villager (Male) |
| 6:42 | Create | Villager (Male) |
| 6:44 | Research | Loom |
| 6:44 | Research | Loom |
| 7:31 | Build | House |
| 8:12 | Build | Dock |
| 8:31 | Build | Mill |
| 8:48 | Create | Villager (Male) |
| 8:48 | Create | Villager (Male) |
| 8:48 | Create | Villager (Male) |
| 8:48 | Create | Villager (Male) |
| 8:48 | Create | Villager (Male) |
| 8:48 | Create | Villager (Male) |
| 8:48 | Create | Villager (Male) |
| 8:49 | Create | Villager (Male) |
| 8:49 | Create | Villager (Male) |
| 8:49 | Create | Villager (Male) |
| 9:56 | Build | Lumber Camp |
| 10:25 | Create | Villager (Male) |
| 10:26 | Create | Villager (Male) |
| 10:26 | Create | Villager (Male) |
| 10:26 | Create | Villager (Male) |
| 10:26 | Create | Villager (Male) |
| 11:08 | Create | Fishing Ship |
| 11:55 | Create | Fishing Ship |
| 12:25 | Create | Fishing Ship |
| 12:26 | Create | Fishing Ship |
| 12:26 | Create | Fishing Ship |
| 12:26 | Create | Fishing Ship |
| 12:26 | Create | Fishing Ship |
| 12:26 | Create | Fishing Ship |
| 12:41 | Build | Mill |
| 13:07 | Create | Villager (Male) |
| 13:07 | Create | Villager (Male) |
| 13:16 | Build | House |
| 13:23 | Build | House |
| 13:28 | Build | Barracks |
| 13:47 | Create | Fishing Ship |
| 14:10 | Create | Fishing Ship |
| 14:31 | Research | Feudal Age |
| 14:47 | Build | House |
| 14:50 | Build | House |
| 15:49 | Create | Fishing Ship |
| 15:49 | Create | Fishing Ship |
| 15:58 | Build | Dock |
| 16:33 | Create | Fishing Ship |
| 16:41 | Age | Feudal Age |
| 16:48 | Build | Mill |
| 17:09 | Research | Wheelbarrow |
| 17:09 | Research | Town Watch |
| 17:35 | Build | Blacksmith |
| 17:58 | Build | Stable |
| 18:06 | Research | Double-Bit Axe |
| 18:34 | Create | Fishing Ship |
| 18:34 | Create | Fishing Ship |
| 18:34 | Create | Fishing Ship |
| 18:34 | Create | Fishing Ship |
| 18:35 | Create | Fishing Ship |
| 18:35 | Create | Fishing Ship |
| 18:54 | Create | Villager (Male) |
| 18:54 | Create | Villager (Male) |
| 19:27 | Build | Archery Range |
| 19:44 | Research | Tech 906 |
| 19:52 | Create | Fishing Ship |
| 19:53 | Create | Fishing Ship |
| 20:05 | Create | Fire Galley |
| 20:14 | Create | Fire Galley |
| 20:28 | Research | Castle Age |
| 20:44 | Create | Fishing Ship |
| 20:44 | Create | Fishing Ship |
| 20:44 | Create | Fishing Ship |
| 20:44 | Create | Fishing Ship |
| 20:44 | Create | Fishing Ship |
| 21:07 | Build | Mining Camp |
| 21:50 | Build | House |
| 21:59 | Research | Stone Mining |
| 22:21 | Research | Scale Mail Armor |
| 22:21 | Research | Forging |
| 22:31 | Create | Fishing Ship |
| 22:31 | Create | Fishing Ship |
| 22:31 | Create | Fishing Ship |
| 23:07 | Build | House |
| 23:08 | Age | Castle Age |
| 23:10 | Create | Scout Cavalry |
| 23:17 | Create | Villager (Male) |
| 23:17 | Create | Villager (Male) |
| 23:17 | Create | Villager (Male) |
| 23:17 | Create | Villager (Male) |
| 23:18 | Create | Villager (Male) |
| 23:38 | Build | House |
| 23:46 | Research | Chain Mail Armor |
| 24:05 | Build | Castle |
| 24:20 | Create | Villager (Male) |
| 24:20 | Create | Villager (Male) |
| 24:21 | Create | Villager (Male) |
| 24:26 | Research | Bow Saw |
| 25:05 | Create | Samurai |
| 25:05 | Create | Samurai |
| 25:06 | Create | Samurai |
| 25:06 | Create | Samurai |
| 25:06 | Create | Samurai |
| 25:06 | Create | Samurai |
| 25:06 | Create | Samurai |
| 25:06 | Create | Samurai |
| 25:07 | Create | Samurai |
| 25:45 | Build | Dock |
| 26:13 | Create | Villager (Male) |
| 26:13 | Create | Villager (Male) |
| 26:13 | Create | Villager (Male) |
| 26:13 | Create | Villager (Male) |
| 26:14 | Create | Villager (Male) |
| 26:34 | Research | Gold Mining |
| 26:46 | Create | Samurai |
| 26:46 | Create | Samurai |
| 26:46 | Create | Samurai |
| 26:46 | Create | Samurai |
| 26:47 | Create | Samurai |
| 26:47 | Create | Samurai |
| 26:47 | Create | Samurai |
| 27:09 | Build | House |
| 27:10 | Build | House |
| 27:10 | Build | House |
| 27:10 | Build | House |
| 27:10 | Build | House |
Build order — danielrojaslaw
125 actions detected in the replay
| 0:25 | Build | Town Center |
| 2:36 | Build | House |
| 2:39 | Build | House |
| 2:52 | Create | Villager (Male) |
| 2:53 | Create | Villager (Male) |
| 2:53 | Create | Villager (Male) |
| 2:53 | Create | Villager (Male) |
| 2:53 | Create | Villager (Male) |
| 3:19 | Build | Palisade Gate |
| 4:37 | Build | Palisade Wall |
| 4:38 | Create | Villager (Male) |
| 5:04 | Build | House |
| 6:30 | Build | Dock |
| 6:36 | Create | Villager (Male) |
| 6:37 | Create | Villager (Male) |
| 6:47 | Research | Loom |
| 7:10 | Create | Fishing Ship |
| 7:23 | Create | Villager (Male) |
| 7:48 | Build | House |
| 7:52 | Create | Villager (Male) |
| 7:54 | Create | Fishing Ship |
| 8:31 | Create | Villager (Male) |
| 8:45 | Create | Villager (Male) |
| 9:16 | Build | Dock |
| 9:31 | Create | Villager (Male) |
| 9:41 | Create | Villager (Male) |
| 9:48 | Create | Villager (Male) |
| 9:58 | Build | House |
| 10:04 | Create | Fishing Ship |
| 10:22 | Create | Villager (Male) |
| 10:35 | Create | Villager (Male) |
| 10:50 | Build | Mill |
| 10:59 | Create | Villager (Male) |
| 11:14 | Build | House |
| 11:19 | Create | Villager (Male) |
| 11:54 | Create | Villager (Male) |
| 11:56 | Create | Fishing Ship |
| 11:57 | Create | Fishing Ship |
| 12:36 | Create | Fishing Ship |
| 12:42 | Create | Fishing Ship |
| 13:53 | Research | Feudal Age |
| 13:56 | Create | Fishing Ship |
| 13:57 | Create | Fishing Ship |
| 14:03 | Build | House |
| 14:25 | Build | Lumber Camp |
| 14:41 | Build | House |
| 15:45 | Build | Mill |
| 16:03 | Age | Feudal Age |
| 16:09 | Create | Fire Galley |
| 16:18 | Build | House |
| 16:19 | Research | Wheelbarrow |
| 17:03 | Build | Mining Camp |
| 17:09 | Create | Villager (Male) |
| 17:21 | Create | Fire Galley |
| 17:42 | Research | Double-Bit Axe |
| 17:55 | Research | Horse Collar |
| 18:53 | Create | Fire Galley |
| 19:04 | Build | House |
| 19:06 | Create | Villager (Male) |
| 19:06 | Create | Villager (Male) |
| 19:11 | Build | Market |
| 19:52 | Create | Villager (Male) |
| 19:52 | Create | Villager (Male) |
| 20:57 | Create | Villager (Male) |
| 20:57 | Create | Villager (Male) |
| 21:31 | Build | Lumber Camp |
| 21:48 | Create | Demolition Raft |
| 21:56 | Create | Fishing Ship |
| 22:00 | Create | Fishing Ship |
| 22:28 | Create | Villager (Male) |
| 22:35 | Research | Gold Mining |
| 22:48 | Build | Barracks |
| 23:44 | Research | Man-at-Arms (upgrade) |
| 23:45 | Create | Militia |
| 23:49 | Build | Barracks |
| 23:58 | Create | Villager (Male) |
| 23:59 | Create | Villager (Male) |
| 24:09 | Build | Blacksmith |
| 24:43 | Create | Militia |
| 24:43 | Create | Militia |
| 24:46 | Create | Militia |
| 24:46 | Create | Militia |
| 25:04 | Build | Mining Camp |
| 25:32 | Build | Market |
| 26:34 | Research | Castle Age |
| 26:40 | Create | Militia |
| 26:41 | Create | Militia |
| 26:46 | Research | Stone Mining |
| 27:26 | Build | Watch Tower |
| 27:44 | Create | Villager (Male) |
| 27:45 | Create | Villager (Male) |
| 28:16 | Create | Fishing Ship |
| 28:18 | Create | Fishing Ship |
| 29:14 | Age | Castle Age |
| 29:38 | Build | Castle |
| 29:46 | Build | Farm |
| 29:49 | Create | Villager (Male) |
| 31:42 | Build | Farm |
| 31:46 | Build | Farm |
| 32:50 | Create | Villager (Male) |
| 32:51 | Create | Villager (Male) |
| 33:03 | Build | Town Center |
| 33:17 | Create | Villager (Male) |
| 33:18 | Create | Villager (Male) |
| 33:22 | Build | Farm |
| 33:33 | Build | Lumber Camp |
| 33:38 | Create | Villager (Male) |
| 33:56 | Build | Lumber Camp |
| 34:02 | Build | Farm |
| 34:17 | Create | Villager (Male) |
| 35:15 | Build | Farm |
| 35:21 | Build | Farm |
| 35:23 | Create | Villager (Male) |
| 35:24 | Create | Villager (Male) |
| 35:37 | Build | Town Center |
| 35:47 | Create | Villager (Male) |
| 35:48 | Create | Villager (Male) |
| 35:48 | Create | Villager (Male) |
| 36:16 | Create | Spearman |
| 36:16 | Create | Spearman |
| 36:17 | Create | Spearman |
| 37:22 | Create | Villager (Male) |
| 37:22 | Create | Villager (Male) |
| 37:30 | Build | House |
| 38:42 | Build | Archery Range |
Build order — RAFAEL CORREA DELGADO
105 actions detected in the replay
| 1:57 | Build | Town Center |
| 2:33 | Build | House |
| 2:34 | Build | House |
| 3:58 | Build | Dock |
| 4:52 | Research | Loom |
| 5:08 | Create | Villager (Male) ×4 |
| 6:27 | Create | Fishing Ship |
| 7:02 | Create | Villager (Male) |
| 7:10 | Create | Fishing Ship |
| 8:02 | Create | Villager (Male) |
| 8:11 | Create | Fishing Ship |
| 8:37 | Create | Villager (Male) |
| 9:05 | Create | Fishing Ship |
| 9:37 | Create | Fishing Ship |
| 9:52 | Create | Villager (Male) |
| 10:05 | Create | Fishing Ship |
| 10:28 | Create | Villager (Male) |
| 10:28 | Create | Villager (Male) |
| 10:44 | Build | House |
| 10:46 | Build | House |
| 10:47 | Build | House |
| 10:59 | Build | House |
| 11:53 | Create | Fishing Ship |
| 11:54 | Create | Fishing Ship |
| 12:06 | Create | Villager (Male) |
| 12:07 | Create | Villager (Male) |
| 13:01 | Build | Lumber Camp |
| 13:08 | Create | Villager (Male) ×5 |
| 13:41 | Research | Feudal Age |
| 14:02 | Build | Mill |
| 14:13 | Create | Fishing Ship |
| 14:13 | Create | Fishing Ship |
| 14:46 | Build | Dock |
| 15:51 | Age | Feudal Age |
| 15:56 | Build | Mining Camp |
| 16:04 | Research | Double-Bit Axe |
| 16:12 | Research | Horse Collar |
| 16:29 | Create | Villager (Male) |
| 16:30 | Create | Villager (Male) |
| 16:31 | Create | Villager (Male) |
| 16:50 | Build | Mining Camp |
| 17:03 | Create | Villager (Male) |
| 17:04 | Create | Villager (Male) |
| 17:05 | Create | Villager (Male) |
| 17:06 | Create | Villager (Male) |
| 17:32 | Build | Fish Trap |
| 17:33 | Build | Fish Trap |
| 17:35 | Build | Fish Trap |
| 17:37 | Build | Fish Trap |
| 17:38 | Build | Fish Trap |
| 18:19 | Research | Gold Mining |
| 19:11 | Build | Mining Camp |
| 19:58 | Create | Villager (Male) |
| 19:58 | Create | Villager (Male) |
| 19:59 | Create | Villager (Male) |
| 20:31 | Create | Fire Galley |
| 20:34 | Create | Fire Galley |
| 20:36 | Create | Unit 2626 |
| 21:45 | Build | Barracks |
| 23:21 | Build | Archery Range |
| 23:30 | Build | Blacksmith |
| 24:38 | Create | Villager (Male) |
| 24:39 | Create | Villager (Male) |
| 25:12 | Research | Castle Age |
| 25:18 | Build | Mining Camp |
| 25:45 | Build | Fish Trap |
| 25:46 | Build | Fish Trap |
| 25:51 | Build | Fish Trap |
| 25:57 | Research | Forging |
| 25:59 | Research | Scale Mail Armor |
| 26:02 | Research | Fletching |
| 26:03 | Research | Padded Archer Armor |
| 26:04 | Research | Scale Barding Armor |
| 26:34 | Build | Fish Trap |
| 26:52 | Build | Fish Trap |
| 28:08 | Age | Castle Age |
| 28:13 | Build | Archery Range |
| 28:19 | Build | University |
| 28:27 | Create | Elephant Archer ×5 |
| 28:31 | Research | Leather Archer Armor |
| 29:34 | Build | House |
| 29:38 | Build | House |
| 29:39 | Build | House |
| 29:40 | Build | House |
| 29:44 | Research | Bodkin Arrow |
| 30:06 | Research | Bow Saw |
| 30:32 | Research | War Galley (upgrade) |
| 30:33 | Research | Tech 905 |
| 30:34 | Research | Tech 906 |
| 30:44 | Create | Elephant Archer |
| 30:45 | Create | Elephant Archer |
| 32:44 | Research | Tech 908 |
| 32:46 | Research | Careening |
| 33:41 | Research | Ballistics |
| 34:03 | Create | Elephant Archer |
| 34:04 | Create | Elephant Archer |
| 34:16 | Create | Fire Galley |
| 34:17 | Create | Fire Galley |
| 34:17 | Create | Unit 2626 |
| 34:18 | Create | Unit 2626 |
| 37:02 | Research | Wheelbarrow |
| 37:02 | Research | Town Watch |
| 37:10 | Build | Monastery |
| 37:17 | Build | Lumber Camp |
| 37:44 | Research | Imperial Age |
Match timeline
| 2:26 | Ratbass · first_building Dock |
| 3:58 | RAFAEL CORREA DELGADO · first_building Dock |
| 4:37 | danielrojaslaw · wall_segment Palisade Wall x3 |
| 6:30 | danielrojaslaw · first_building Dock |
| 8:12 | James McMCloud · first_building Dock |
| 9:50 | EL_PUERCO_REDENTOR · first_building Dock |
| 13:28 | James McMCloud · first_building Barracks |
| 14:14 | Ratbass · age_up feudal |
| 14:35 | EL_PUERCO_REDENTOR · first_building Barracks |
| 15:09 | ZL1_K3V1N · first_building Dock |
| 15:51 | RAFAEL CORREA DELGADO · age_up feudal |
| 16:03 | danielrojaslaw · age_up feudal |
| 16:05 | ZL1_K3V1N · age_up feudal |
| 16:11 | Ratbass · first_building Barracks |
| 16:41 | James McMCloud · age_up feudal |
| 17:58 | James McMCloud · first_building Stable |
| 18:12 | EL_PUERCO_REDENTOR · age_up feudal |
| 18:31 | Ratbass · age_up castle |
| 18:49 | Ratbass · first_market_sell 100 food |
| 18:50 | Ratbass · first_market_buy 100 wood |
| 19:27 | James McMCloud · first_building Archery Range |
| 21:45 | ZL1_K3V1N · first_building Barracks |
| 21:45 | RAFAEL CORREA DELGADO · first_building Barracks |
| 22:44 | Ratbass · first_building Monastery |
| 22:48 | danielrojaslaw · first_building Barracks |
| 23:08 | James McMCloud · age_up castle |
| 23:21 | ZL1_K3V1N · wall_segment Stone Wall x4 |
| 23:21 | RAFAEL CORREA DELGADO · first_building Archery Range |
| 23:26 | ZL1_K3V1N · wall_segment Stone Wall x13 |
| 24:05 | James McMCloud · first_building Castle |
| 24:18 | Ratbass · first_building Siege Workshop |
| 25:02 | ZL1_K3V1N · wall_segment Stone Wall x1 |
| 27:18 | ZL1_K3V1N · age_up castle |
| 27:20 | ZL1_K3V1N · first_market_buy 100 stone |
| 27:28 | ZL1_K3V1N · first_building Castle |
| 27:47 | Ratbass · first_building Archery Range |
| 28:08 | RAFAEL CORREA DELGADO · age_up castle |
| 28:27 | ZL1_K3V1N · first_market_sell 500 food |
| 29:14 | danielrojaslaw · age_up castle |
| 29:22 | danielrojaslaw · first_market_sell 100 wood |
| 29:24 | Ratbass · tribute_sent a jugador 1 |
| 29:24 | Ratbass · tribute_sent a jugador 2 |
| 29:24 | Ratbass · tribute_sent a jugador 4 |
| 29:24 | Ratbass · tribute_sent a jugador 5 |
| 29:24 | Ratbass · tribute_sent a jugador 6 |
| 29:27 | danielrojaslaw · first_market_buy 100 stone |
| 29:38 | danielrojaslaw · first_building Castle |
| 30:41 | Ratbass · first_building Castle |
| 31:53 | ZL1_K3V1N · first_building Siege Workshop |
| 32:11 | James McMCloud · first_market_sell 100 wood |
| 32:44 | ZL1_K3V1N · wall_segment Stone Wall x14 |
| 36:08 | James McMCloud · age_up imperial |
| 37:10 | RAFAEL CORREA DELGADO · first_building Monastery |
| 38:42 | danielrojaslaw · first_building Archery Range |
| 39:01 | ZL1_K3V1N · resign |
[ AI ANALYSIS · 1 CREDIT ]
What really happened in this match?
Wolo.gg analyzes every decision: build order, eco, micro, common mistakes by bracket. Personalized analysis on WhatsApp or Discord in 30 seconds.
Civ guide
Teutons
Map guide
Nomad
Perfil
EL_PUERCO_REDENTOR